 Dungeon Crawl Stone Soup version 0.30-a0-989-g0d87f670db (webtiles) character file.

Game seed: 10485202968289375858

7662 Frod the Frost Mage (level 11, -3/77 HPs)
             Began as a Human Ice Elementalist on Apr 2, 2023.
             Was a Believer of Sif Muna.
             Slain by a freezing wraith (5 damage)
             ... in an ice cave.
             The game lasted 01:01:29 (12012 turns).

Frod the Frost Mage (Human Ice Elementalist)       Turns: 12012, Time: 01:01:35

Health: -3/77      AC:  9    Str:  8    XL:     11   Next: 41%
Magic:  2/22       EV: 11    Int: 19    God:    Sif Muna [**....]
Gold:   521        SH:  0    Dex: 15    Spells: 4/25 levels left

rFire   . . .      SeeInvis .    a - +1 longbow
rCold   + + .      Faith    .    (shield currently unavailable)
rNeg    . . .      Spirit   .    i - +1 leather armour {rPois}
rPois   +          Reflect  .    t - +2 helmet
rElec   .          Rampage  .    K - +0 cloak
rCorr   .                        k - +0 pair of gloves
Will    .....                    (no boots)
Stlth   ++                       f - amulet of regeneration
HPRegen 1.12/turn                p - ring of protection from cold
MPRegen 0.18/turn                s - ring of protection from cold

@: slowed, very slow
A: no striking features
a: Renounce Religion, Channel Magic


You were in an ice cave.
You worshipped Sif Muna.
Sif Muna was pleased with you.
You visited 2 branches of the dungeon, and saw 12 of its levels.
You also visited: Sewer and Ice Cave.

You collected 521 gold pieces.

Inventory:

Hand Weapons
 a - a +1 longbow (weapon)
 b - a +4 flail of holy wrath
Missiles
 H - 5 curare-tipped darts
Armour
 i - a +1 leather armour of poison resistance (worn)
 k - a +0 pair of gloves (worn)
 t - a +2 helmet (worn)
 K - a +0 cloak (worn)
 L - a +2 leather armour of willpower
 O - a +2 robe of willpower
 W - a scarf of invisibility
Magical Staves
 R - a staff of cold
Jewellery
 f - an amulet of regeneration (around neck)
 h - a ring of flight
 o - a +5 ring of evasion
 p - a ring of protection from cold (left hand)
 q - a ring of positive energy
 s - a ring of protection from cold (right hand)
 X - a ring of protection from fire
Wands
 A - a wand of quicksilver (7)
 B - a wand of roots (9)
 C - a wand of flame (20)
Scrolls
 c - 2 scrolls of summoning {unknown}
 j - 2 scrolls of acquirement {unknown}
 r - a scroll of fog {unknown}
 u - 3 scrolls of fear
 y - 2 scrolls of poison
 G - a scroll of blinking
 I - a scroll of vulnerability {unknown}
 J - a scroll of enchant armour {unknown}
 N - 2 scrolls of magic mapping
 P - a scroll of noise {unknown}
 S - a scroll of silence {unknown}
 Y - a scroll of teleportation
Potions
 d - 4 potions of brilliance
 g - 3 potions of flight
 l - 4 potions of might
 n - 2 potions of magic
 v - 3 potions of cancellation
 w - 3 potions of heal wounds
 x - 2 potions of invisibility
 z - 6 potions of curing
 Q - 2 potions of lignification
 U - a potion of ambrosia
 Z - a potion of haste {unknown}


   Skills:
 + Level 4.2 Fighting
 - Level 2.0 Dodging
 - Level 2.0 Stealth
 + Level 7.8 Spellcasting
 * Level 3.6 Conjurations
 - Level 5.0 Summonings
 - Level 5.0 Translocations
 + Level 10.7 Ice Magic
 * Level 5.8 Air Magic


You had 4 spell levels left.
You knew the following spells:

 Your Spells              Type           Power      Damage    Failure   Level
a - Freeze                Ice            100%       1d10      1%          1
b - Frozen Ramparts       Ice            96%        1d15      1%          3
c - Kindle Blastsparks    Fire/Tloc/Air  42%        2d13      9%          3
f - Freezing Cloud        Conj/Ice/Air   16%        6-21      24%         5
g - Summon Ice Beast      Ice/Summ       37%        N/A       5%          4
l - Blink                 Tloc           52%        N/A       2%          2
o - Ozocubu's Armour      Ice            48%        N/A       1%          3

Your spell library contained the following spells:

 Spells                   Type           Power      Damage    Failure   Level
 Lesser Beckoning         Tloc           52%        N/A       2%          2
 Momentum Strike          Conj/Tloc      46%        3d9       3%          2
 Gell's Gravitas          Tloc           26%        N/A       5%          3
 Teleport Other           Tloc           26%        N/A       5%          3
 Manifold Assault         Tloc           26%        N/A       17%         4
 Ignite Poison            Fire/Tmut/Pois 7%         N/A       38%         3
 Storm Form               Tmut/Air       9%         N/A       100%        7


Dungeon Overview and Level Annotations

Branches:
Dungeon (11/15)            Temple (1/1) D:7            Lair (0/5) D:11
    Orc (0/2) D:11          Sewer (visited)           IceCv (1/1)

Altars:
Ashenzari
Cheibriados
Dithmenos
Elyvilon
Fedhas
Gozag
Hepliaklqana
Kikubaaqudgha
Makhleb
Nemelex Xobeh
Okawaru
Qazlal
Ru
Sif Muna
Trog
Uskayaw
Vehumet
Wu Jian
Xom
Yredelemnul
Zin
The Shining One

Shops:
D:4 *

Annotations:
D:5 exclusion: moth of wrath IceCv exclusion: 2 ice statues


Message History

The two-headed ogre simulacrum hits you but does no damage.
The ice beast hits you but does no damage.
Casting: Summon Ice Beast (dangerous; 5% risk of failure)
Confirm with . or Enter, or press ? or * to list all spells.
A cloud of volatile blastsparks flares up around you!
The ice beast hits you. The ice beast freezes you. You resist.
The cloud of blastsparks explodes!
The concussive blast engulfs the ice beast!!
The ice beast melts!
You kill the ice beast!
The ice beast disappears in a puff of smoke!
The concussive blast engulfs you.
The concussive blast engulfs the freezing wraith!
The freezing wraith is burned terribly!
The freezing wraith is almost destroyed.
You are knocked back by the blast.
Unknown command.
Unknown command.
Casting: Kindle Blastsparks (dangerous; 9% risk of failure)
Confirm with . or Enter, or press ? or * to list all spells.
A cloud of volatile blastsparks flares up around you!
The freezing wraith hits you. The freezing wraith freezes you. You resist.
* * * LOW HITPOINT WARNING * * *
The freezing wraith hits you.
* * * LOW HITPOINT WARNING * * *
The freezing wraith drains your vigour!
You feel as though you will be slow longer.
The freezing wraith attacks as you move away!
The freezing wraith hits you!
* * * LOW HITPOINT WARNING * * *
The freezing wraith freezes you. You resist.
* * * LOW HITPOINT WARNING * * *
The freezing wraith hits you.
* * * LOW HITPOINT WARNING * * *
The freezing wraith drains your vigour!
You feel as though you will be slow longer.
The freezing wraith hits you.
* * * LOW HITPOINT WARNING * * *
The freezing wraith freezes you. You resist.
You die...

# ### ..###
....####### #
#...YY....##..)
#
##.#.YY........
.#
######Z.##....
..# #..Z##
.####..# #..Y#
###W@.#
##....###.Y§.##
##......ZY###
###....###
######


You could see a freezing wraith, 2 ice beasts and a two-headed ogre simulacrum.

Vanquished Creatures
  A two-headed ogre (D:10)
  The ghost of Darkkill the Shooter, a novice MiHu (D:5)
  2 ice devils (IceCv)
  2 trolls
  3 hornets (D:9)
  10 yaks
  A vampire (D:9)
  Eustachio (D:5)
  A wyvern (D:9)
  A death yak simulacrum (IceCv)
  Edmund (D:5)
  An acid dragon (D:10)
  An ice beast (D:7)
  A sky beast (D:8)
  2 centaurs (D:5)
  3 ogres
  2 kobold brigands (D:8)
  2 two-headed ogre simulacra (IceCv)
  4 bullfrogs
  4 scorpions
  4 killer bees (D:8)
  3 howler monkeys (D:7)
  A jelly (D:6)
  5 hounds
  9 orc priests
  Crazy Yiuf (D:5)
  4 iguanas
  Ijyb (D:4)
  2 sleepcaps
  10 orc wizards
  2 spriggan simulacra (IceCv)
  A polar bear simulacrum (IceCv)
  2 troll simulacra (IceCv)
  Robin (D:2)
  6 gnolls
  13 adders
  A naga simulacrum (IceCv)
  6 river rats
  A white imp (D:7)
  3 ufetubi
  3 worms (D:4)
  2 dart slugs
  34 orcs
  9 endoplasms
  2 giant cockroaches
  14 goblins
  8 hobgoblins
  7 jackals (D:1)
  4 quokkas
  11 ball pythons
  8 bats
  6 frilled lizards
  17 kobolds
  39 rats
284 creatures vanquished.

Vanquished Creatures (others)
  18 plants (D:2)
18 creatures vanquished.

Grand Total: 302 creatures vanquished

Notes
Turn   | Place    | Note
-------+----------+-------------------------------------------
     0 | D:1      | Frod the Human Ice Elementalist began the quest for the
                  | Orb.
     0 | D:1      | Reached XP level 1. HP: 13/13 MP: 3/3
   281 | D:1      | Reached XP level 2. HP: 12/19 MP: 0/5
   639 | D:1      | Reached XP level 3. HP: 24/24 MP: 0/6
   650 | D:1      | Learned a level 3 spell: Frozen Ramparts
  1244 | D:2      | Learned a level 3 spell: Ozocubu's Armour
  1295 | D:2      | Noticed Robin
  1340 | D:2      | Killed Robin
  1341 | D:2      | Reached skill level 5 in Ice Magic
  1341 | D:2      | Reached XP level 4. HP: 25/30 MP: 1/8
  1639 | D:2      | Found a faded altar of an unknown god.
  2113 | D:3      | Reached XP level 5. HP: 35/35 MP: 9/9
  3352 | D:4      | Noticed an ice beast
  3438 | D:4      | Found Vegy's Neck Hole.
  3443 | D:4      | Reached skill level 6 in Ice Magic
  3445 | D:4      | Reached XP level 6. HP: 35/41 MP: 6/11
  3736 | D:4      | Found a glowing drain.
  3743 | Sewer    | Entered a sewer
  4191 | Sewer    | Reached XP level 7. HP: 46/46 MP: 5/12
  4196 | Sewer    | Reached skill level 7 in Ice Magic
  4325 | D:4      | Noticed Ijyb
  4334 | D:4      | Killed Ijyb
  4990 | D:5      | Entered Level 5 of the Dungeon
  5013 | D:5      | Reached XP level 8. HP: 43/52 MP: 10/15
  5045 | D:5      | Noticed a moth of wrath
  5045 | D:5      | Noticed Eustachio
  5064 | D:5      | Killed Eustachio
  5065 | D:5      | Reached skill level 8 in Ice Magic
  5150 | D:5      | Found a bloodstained altar of Trog.
  5229 | D:5      | Reached skill level 5 in Spellcasting
  5271 | D:5      | Found a runed translucent gate.
  5272 | D:5      | Found a runed translucent gate.
  5274 | D:5      | Found a runed translucent gate.
  5280 | D:5      | Noticed Darkkill's ghost (novice MiHu)
  5280 | D:5      | Noticed a yak
  5313 | D:5      | Noticed Edmund
  5325 | D:5      | Killed Edmund
  5504 | D:5      | Found a runed translucent door.
  5505 | D:5      | Noticed Crazy Yiuf
  5513 | D:5      | Killed Crazy Yiuf
  5545 | D:5      | Learned a level 2 spell: Blink
  5550 | D:5      | Learned a level 4 spell: Summon Ice Beast
  5674 | D:5      | Reached skill level 9 in Ice Magic
  5726 | D:5      | Identified the +1 scale mail of Youthful Indiscretion
                  | {Dex+4}
  5731 | D:5      | Reached skill level 1 in Summonings
  5891 | D:5      | Reached skill level 1 in Translocations
  5988 | D:5      | Reached XP level 9. HP: 57/57 MP: 11/17
  6160 | D:6      | Found an iron altar of Okawaru.
  7391 | D:7      | Found a hide-covered altar of Uskayaw.
  7660 | D:7      | Found a staircase to the Ecumenical Temple.
  7665 | Temple   | Entered the Ecumenical Temple
  8219 | D:5      | Killed Darkkill's ghost
  8220 | D:5      | Reached skill level 5 in Summonings
  8445 | Temple   | Became a worshipper of Sif Muna the Loreminder
  8555 | D:8      | Reached XP level 10. HP: 64/64 MP: 15/20
  8559 | D:8      | Reached skill level 1 in Fighting
  8603 | D:8      | Learned a level 3 spell: Kindle Blastsparks
  8645 | D:8      | Reached skill level 1 in Air Magic
  8654 | D:8      | Reached * piety under Sif Muna
  8805 | D:8      | Reached skill level 10 in Ice Magic
  8808 | D:8      | Found a broken altar of Ashenzari.
 10035 | D:9      | Paralysed by a hornet for 3 turns
 10039 | D:9      | Reached skill level 5 in Translocations
 10291 | D:9      | Learned a level 5 spell: Freezing Cloud
 10293 | D:10     | Entered Level 10 of the Dungeon
 10686 | D:10     | Reached XP level 11. HP: 63/75 MP: 22/22
 10718 | D:10     | Reached skill level 1 in Conjurations
 10723 | D:10     | Reached ** piety under Sif Muna
 10724 | D:10     | Reached skill level 5 in Air Magic
 10970 | D:10     | Noticed a two-headed ogre
 10975 | D:10     | Killed a two-headed ogre
 11224 | D:11     | Found a frozen archway.
 11234 | IceCv    | Entered an ice cave
 12012 | IceCv    | HP: 1/77 [freezing wraith (6)]
 12012 | IceCv    | Slain by a freezing wraith

Illustrated notes

Levels and vault maps discovered:
D:1:      matt_arrival_spirals, layout_loops_cross
D:2:      layout_loops_ring, hellmonk_ecumenical_altar_arch_garden,
          serial_bayou_ford_a, uniq_robin
D:3:      layout_basic, serial_co_window_serial, co_window_cross_1,
          co_window_corner_a, co_window_paths_a, co_window_of_opportunity_a,
          co_window_paths_a, co_window_of_opportunity_a, co_window_paths_c,
          co_window_2corner, co_window_broadway_c, co_window_cross_3,
          co_window_4corner_a, glass_columns_a
D:4:      minmay_wonky_spiral, layout_loops_cross, lightli_sewer_entry_pipes,
          hangedman_decor_peaks_small, nicolae_shop_sticking_my_neck_out,
          uniq_ijyb
D:5:      layout_loops_ring, tgw_trog, gammafunk_ghost_split, uniq_eustachio,
          uniq_crazy_yiuf_cottage, uniq_edmund
D:6:      layout_gridville, kennysheep_okawaru_gauntlet
D:7:      layout_gridville, eat_drink_and_be_merry_uskayaw,
          minmay_temple_entry_proselytizer, kennysheep_generic_room_3
D:8:      layout_loops_ring, mainiacjoe_overflow_concentric_impassable
D:9:      layout_basic, nicolae_lava_and_water, palyth_stone_intersect,
          corexii_checkpoint_a
D:10:     layout_long_grid
D:11:     minmay_slanted_spiral_squares, layout_loops_corners,
          david_lair_shrubbed, hiddenorc1_lemuel,
          portal_ice_cave_entry_pillars_2, minmay_misc_feat_pillars
Temple:   nicolae_temple_bog_church
IceCv:    ice_cave_small_demon

Skill      XL: |  1  2  3  4  5  6  7  8  9 10 11 |
---------------+----------------------------------+-----
Ice Magic      | 5 6 7 9 10 | 10.7
Spellcasting   | 3 4 5 6 7 |  7.8
Summonings     | 2 5 |  5.0
Translocations | 1 3 5 |  5.0
Fighting       | 3 4 |  4.2
Air Magic      | 4 5 |  5.8
Conjurations   | 3 |  3.6
Dodging        | |  2.0
Stealth        | |  2.0

Action                     |  1- 3 |  4- 6 |  7- 9 | 10-12 || total
---------------------------+-------+-------+-------+-------++-------
  Melee: Hand axe          |    15 |    10 |       |       ||    25
         Punch             |       |     1 |       |       ||     1
         Dagger            |       |       |     9 |       ||     9
         Staff             |       |       |     4 |       ||     4
         Flail             |       |       |     2 |       ||     2
   Fire: Sling             |       |   126 |   117 |       ||   243
         Shortbow          |       |       |    18 |       ||    18
         Longbow           |       |       |    10 |   152 ||   162
   Cast: Freeze            |    49 |    29 |    19 |    23 ||   120
         Frozen Ramparts   |     2 |    18 |    39 |    22 ||    81
         Ozocubu's Armour  |       |     3 |    10 |    10 ||    23
         Summon Ice Beast  |       |       |     3 |     7 ||    10
         Kindle Blastspark |       |       |       |    34 ||    34
  Evoke: Wand              |       |       |     1 |     8 ||     9
    Use: Scroll            |       |    11 |     3 |     7 ||    21
         Potion            |       |     1 |       |     1 ||     2
   Stab: Sleeping          |     4 |       |       |       ||     4
 Armour: Robe              |     6 |    34 |    14 |       ||    54
         Leather armour    |       |       |    29 |    50 ||    79
  Dodge: Dodged            |    21 |    86 |    56 |   105 ||   268

Table legend: (Time is in decaauts)
 A = Elapsed time spent in this place.
 B = Non-inter-level travel time spent in this place.
 C = Inter-level travel time spent in this place.
 D = Time resting spent in this place.
 E = Time spent auto-exploring this place.
 F = Levels seen in this place.
 G = Mean time per level.
                   A        B        C        D        E       F      G
               +--------+--------+--------+--------+--------+-----+--------+
         Total |  12249 |  11585 |    664 |    746 |   8164 |  14 |  874.9 |
       Dungeon |  10642 |  10020 |    622 |    209 |   7697 |  11 |  967.5 |
        Temple |    219 |    177 |     42 |      0 |    163 |   1 |  219.0 |
         Sewer |    572 |    572 |      0 |    161 |    172 |   1 |  572.0 |
      Ice Cave |    814 |    814 |      0 |    376 |    132 |   1 |  814.0 |
               +--------+--------+--------+--------+--------+-----+--------+

Top non-repeatable levels by time:
     D:3: 1399 daAuts
     D:5: 1306 daAuts
     D:1: 1240 daAuts
     D:9: 1118 daAuts
     D:7: 1052 daAuts
     D:4: 997 daAuts
     D:6: 958 daAuts
    D:10: 926 daAuts
     D:2: 853 daAuts
   IceCv: 814 daAuts
     D:8: 756 daAuts
   Sewer: 572 daAuts
  Temple: 219 daAuts
    D:11: 33 daAuts
